Map: Moonlight Madness LE (Void)

Players

Cobalto

  • Race: Terran Terran
  • League: Grandmaster

Axion - Winner!

  • Race: Protoss Protoss
  • League: Grandmaster

VOD

Have the link to the VOD?

Description

Time

  • Played on: Aug. 7, 2015, 4:52 p.m.
  • Length: 4:56
Show
View Real Time Build Order
Export as new Build Order

Cobalto Terran 

Build Orders:  

Get SALT Encoding   

  12  0:01  SCV  
  13  0:16  Supply Depot  
  13  0:18  SCV  
  14  0:30  SCV  
  14  0:31  Refinery  
  15  0:42  SCV  
  16  0:48  Barracks  
  16  0:54  SCV  
  17  1:04  Refinery  
  17  1:06  SCV  
  18  1:18  SCV  
  19  1:30  SCV  
  20  1:39  Supply Depot  
  20  1:40  Marine  
  20  1:43  Orbital Command  
  21  1:50  Factory  
  21  2:00  Marine  
  22  2:08  Supply Depot  
  22  2:12  SCV  
  23  2:20  Marine  
  24  2:24  SCV  
  25  2:36  SCV  
  26  2:39  Starport  
  26  2:41  Marine  
  26  2:43  Factory Tech Lab  
  27  2:48  SCV  
  28  2:59  Marine  
  28  3:00  SCV  
  28  3:03  Supply Depot  
  30  3:09  Siege Tank  
  20  3:52  Marine  
  13  3:55  Viking  
  13  3:59  SCV  
  13  4:10  Marine  
Show
View Real Time Build Order
Export as new Build Order

Axion Protoss - Winner!

Build Orders: Oracle Opening 

Get SALT Encoding   

  12  0:01  Probe  
  13  0:14  Pylon  
  13  0:18  Probe  
  14  0:32  Probe (Chrono Boost)  
  14  0:35  Gateway  
  15  0:44  Probe (Chrono Boost)  
  16  0:53  Probe (Chrono Boost)  
  16  0:54  Assimilator  
  17  1:01  Probe (Chrono Boost)  
  17  1:03  Assimilator  
  18  1:13  Probe (Chrono Boost)  
  19  1:21  Probe (Chrono Boost)  
  19  1:22  Cybernetics Core  
  20  1:28  Pylon  
  20  1:31  Probe  
  21  1:43  Probe  
  22  1:55  Probe  
  22  1:59  Stargate  
  23  2:03  Stalker (Chrono Boost)  
  23  2:07  Probe  
  26  2:11  Pylon  
  26  2:19  Probe  
  26  2:21  Warp Gate  
  27  2:36  Probe  
  28  2:42  Oracle (Chrono Boost)  
  31  2:52  Probe  
  31  2:57  Nexus  
  32  3:10  Oracle (Chrono Boost)  
  35  3:21  Probe  
  36  3:38  Probe  
  37  3:41  Pylon  
  37  3:47  Oracle (Chrono Boost)  
  38  4:07  Probe  
  39  4:11  Void Ray (Chrono Boost)  
  39  4:12  Gateway  
  39  4:13  Forge  
  39  4:17  Gateway  
  43  4:19  Probe  
  44  4:31  Probe  
  45  4:32  Probe  
  46  4:43  Probe  
  46  4:44  Probe  
  48  4:48  Photon Cannon  
  48  4:50  Pylon  
  48  4:51  Assimilator  
  48  4:54  Assimilator  
Tags
 
Add a new tag
Caveats
  • Supply blocks, unpowered buildings, or Contaminate may cause inaccurate times.
  • Supply counts are checked every 10 seconds.